 Dungeon Crawl Stone Soup version 0.17.1-3-g152610e (webtiles) character file.

338 moxian the Firebug (level 6, 0/32 HPs)
             Began as a Gargoyle Fire Elementalist on Apr 30, 2016.
             Killed from afar by Sigmund (13 damage)
             ... with a puff of flame
             ... on level 2 of the Dungeon.
             The game lasted 00:13:09 (3488 turns).

moxian the Firebug (Gargoyle Fire Elementalist)     Turns: 3488, Time: 00:13:10

Health: 0/32       AC: 10    Str: 11    XL:     6   Next: 55%
Magic:  1/11       EV: 12    Int: 25    God:
Gold:   246        SH:  0    Dex:  8    Spells: 3 memorised, 6 levels left

rFire  . . .     SeeInvis .     h - +2 spear (venom)
rCold  . . .     Clarity  .     y - +2 leather armour "Zabuh" {rN+ Int+4 Dex-2}
rNeg   + + .     SustAt   .     (no shield)
rPois  ∞         Gourm    .     (no helmet)
rElec  +         Spirit   .     (no cloak)
rCorr  .         Warding  .     z - +0 pair of gloves
rMut   .         Stasis   .     (no boots)
MR     .....                    (no amulet)
Stlth  +.........               A - +3 ring of intelligence
                                k - ring of wizardry

@: not resistant to hostile enchantments, very unstealthy
A: negative energy resistance 1, electricity resistance, unbreathing,
petrification resistance, rot immunity, AC +4
a: no special abilities


You were on level 2 of the Dungeon.
You were not hungry.

You visited 1 branch of the dungeon, and saw 4 of its levels.

You collected 246 gold pieces.

Inventory:

Hand Weapons
 h - a +2 spear of venom (weapon)
 u - a +0 blowgun
Missiles
 a - 23 sling bullets
 e - 45 poisoned needles
 j - 92 stones (quivered)
 m - 44 arrows
 q - a throwing net
Armour
 y - the +2 leather armour "Zabuh" (worn) {rN+ Int+4 Dex-2}
   (You found it on level 4 of the Dungeon)

   It affects your intelligence (+4).
   It affects your dexterity (-2).
   It protects you from negative energy.
 z - a +0 pair of gloves (worn)
Jewellery
 g - an uncursed ring of ice
 k - a ring of wizardry (left hand)
 w - an uncursed ring of wizardry
 A - a +3 ring of intelligence (right hand)
Wands
 E - a wand of teleportation (6)
Scrolls
 n - 2 scrolls of magic mapping {unknown}
 p - a scroll of amnesia {unknown}
 r - a scroll of random uselessness {unknown}
 s - 3 scrolls of remove curse {unknown}
 v - 2 scrolls of identify {unknown}
 B - a scroll of immolation {unknown}
 D - 2 scrolls of enchant weapon {unknown}
Potions
 i - 2 potions of curing {unknown}
 l - 2 potions of cure mutation {unknown}
 o - a potion of haste {unknown}
 t - a potion of cancellation {unknown}
 x - a potion of agility {unknown}
 C - a potion of might {unknown}
 F - a potion of resistance {unknown}
Books
 b - a book of Flames

   Spells                             Type                      Level
   a - Flame Tongue                   Conjuration/Fire             1
   b - Throw Flame                    Conjuration/Fire             2
   c - Conjure Flame                  Conjuration/Fire             3
   d - Inner Flame                    Hexes/Fire                   3
   e - Sticky Flame                   Conjuration/Fire             4
   f - Fireball                       Conjuration/Fire             5
Comestibles
 c - 3 bread rations
 d - a meat ration
 f - 2 slices of pizza


   Skills:
 + Level 3.1 Dodging
 - Level 2.1 Stealth
 + Level 3.8 Spellcasting
 + Level 3.4 Conjurations
 + Level 4.0 Fire Magic


You had 6 spell levels left.
You knew the following spells:

 Your Spells              Type           Power        Failure   Level  Hunger
a - Flame Tongue          Conj/Fire      ###..        1%          1    None
b - Throw Flame           Conj/Fire      ###...       1%          2    #......
c - Conjure Flame         Conj/Fire      ###.....     4%          3    ##.....


Dungeon Overview and Level Annotations

Branches:
Dungeon (4/15)
 Temple: D:4-7

Altars:
Okawaru
Qazlal
Ru

Shops:
D:4 [

Annotations:
D:2 Sigmund


Innate Abilities, Weirdness & Mutations

You are resistant to torment.
Your stone body is resilient (AC +4).
You are immune to poison.
You resist negative energy.
You are resistant to electric shocks.
You can survive without breathing.
You are immune to petrification.
You are immune to rotting.


Message History

Press: ? - help, Shift-Dir - straight line The flame tongue hits something.
Something hits you.
Casting: Flame Tongue
Confirm with . or Enter, or press ? or * to list all spells.
Aiming: Flame Tongue
Press: ? - help, Shift-Dir - straight line Something hits you.
Casting: Flame Tongue
Confirm with . or Enter, or press ? or * to list all spells.
Aiming: Flame Tongue
Press: ? - help, Shift-Dir - straight line The flame tongue hits something.
Casting: Flame Tongue
Confirm with . or Enter, or press ? or * to list all spells.
Aiming: Flame Tongue
Press: ? - help, Shift-Dir - straight line You hear some strange, mumbled words.
A puff of flame appears from out of thin air!
The puff of flame hits you!
You die...

#..##.......##......###>##.
#####.##........#######..##....
##...............# #........
#..........>....## ###........
#...............#######..........
#..........................#.....
#................##.....#..#..###
#................######..........
#...............@{...............
##..............###..##.#........
##............##................
##...#######......###..........
.....#### #.##...#### ......
.......## ...##### ###.#..## ...#
#..#.## ...# #.#..#


There were no monsters in sight!

Vanquished Creatures
  An ogre (D:4)
  A hound (D:4)
  2 orc wizards (D:4)
  Natasha (twice) (D:2)
  A hound skeleton (D:4)
  4 adders
  2 oozes
  2 worms
  5 giant geckos
  8 orcs
  2 giant cockroaches
  3 hobgoblins
  2 jackals (D:3)
  2 quokkas
  A ball python (D:4)
  3 bats
  3 giant newts
  3 goblins (D:1)
  8 kobolds
  11 rats
66 creatures vanquished.

Notes
Turn   | Place    | Note
--------------------------------------------------------------
     0 | D:1      | moxian the Gargoyle Fire Elementalist began the quest for the Orb.
     0 | D:1      | Reached XP level 1. HP: 10/10 MP: 3/3
   196 | D:1      | Reached XP level 2. HP: 12/15 MP: 3/5
   404 | D:1      | Learned a level 2 spell: Throw Flame
   878 | D:2      | Noticed Sigmund
   980 | D:2      | Reached XP level 3. HP: 19/19 MP: 6/6
   985 | D:2      | Learned a level 3 spell: Conjure Flame
  1835 | D:3      | Reached XP level 4. HP: 24/24 MP: 1/7
  2537 | D:4      | Got a twisted leather armour
  2568 | D:4      | Found Moiplerch's Armour Shop.
  2596 | D:4      | Identified the +2 leather armour "Zabuh" {rN+ Int+4 Dex-2} (You found it on level 4 of the Dungeon)
  2739 | D:4      | Noticed an ogre
  2746 | D:4      | Killed an ogre
  2746 | D:4      | Reached XP level 5. HP: 28/28 MP: 0/10
  2789 | D:4      | Reached XP level 6. HP: 17/32 MP: 2/11
  2939 | D:4      | Found a sacrificial altar of Ru.
  2945 | D:4      | Found an iron altar of Okawaru.
  3160 | D:4      | Found a stormy altar of Qazlal.
  3264 | D:2      | Noticed Natasha
  3267 | D:2      | Killed Natasha
  3283 | D:2      | Noticed Natasha
  3354 | D:2      | Killed Natasha
  3404 | D:2      | Reached skill level 4 in Fire Magic
  3488 | D:2      | Killed from afar by Sigmund

Action                   |  1- 3 |  4- 6 || total
-------------------------+-------+-------++-------
Melee: Spear             |    39 |    49 ||    88
       Unarmed           |     3 |       ||     3
 Cast: Flame Tongue      |    24 |    48 ||    72
       Throw Flame       |    10 |    18 ||    28
       Conjure Flame     |       |     1 ||     1
 Stab: Sleeping          |     3 |     1 ||     4
  Eat: Chunk             |     2 |     8 ||    10
